 Dungeon Crawl Stone Soup version 0.29-a0-876-gfc89b1a5bd (webtiles) character file.

Game seed: 1706245102653694790

93 funkygono the Firebug (level 4, -2/24 HPs)
             Began as a Gargoyle Fire Elementalist on July 19, 2022.
             Killed from afar by an orc wizard (5 damage)
             ... with a magic dart
             ... on level 3 of the Dungeon.
             The game lasted 00:03:25 (2326 turns).

funkygono the Firebug (Gargoyle Fire Elementalist)  Turns: 2326, Time: 00:03:26

Health: -2/24      AC:  5    Str: 12    XL:     4   Next: 62%
Magic:  1/8        EV: 12    Int: 17    God:
Gold:   49         SH:  0    Dex: 10    Spells: 6/9 levels left

rFire   . . .      SeeInvis .   c - +0 whip
rCold   . . .      Faith    .   (no shield)
rNeg    + . .      Spirit   .   a - +0 robe
rPois   ∞          Reflect  .   (no helmet)
rElec   +          Harm     .   (no cloak)
rCorr   .          Rampage  .   (no gloves)
Will    .....                   (no boots)
Stlth   +.........              (no amulet)
HPRegen 0.08/turn               (no ring)
MPRegen 0.11/turn               (no ring)

@: confused
A: sickness immunity, AC +3, negative energy resistance 1, electricity
resistance, torment resistance 1, petrification resistance
a: no special abilities


You were on level 3 of the Dungeon.
You visited 1 branch of the dungeon, and saw 4 of its levels.

You collected 49 gold pieces.

Inventory:

Hand Weapons
 c - a +0 whip (weapon)
 n - a +0 morningstar
Armour
 a - a +0 robe (worn)
 m - a +0 ring mail
Scrolls
 e - a scroll of noise {unknown}
 f - a scroll of poison {unknown}
 g - 3 scrolls of enchant weapon {unknown}
 h - 2 scrolls of identify {unknown}
 p - a scroll of teleportation {unknown}
Potions
 d - a potion of cancellation {unknown}
 i - a potion of mutation {unknown}
 j - 3 potions of brilliance {unknown}
 k - 2 potions of attraction {unknown}
 l - a potion of haste {unknown}
 o - a potion of invisibility {unknown}


   Skills:
 + Level 1.7 Dodging
 + Level 2.5 Stealth
 + Level 3.1 Spellcasting
 + Level 1.9 Conjurations
 + Level 3.9 Fire Magic


You had 6 spell levels left.
You knew the following spells:

 Your Spells              Type           Power      Damage    Failure   Level
a - Foxfire               Conj/Fire      48%        2x1d6     5%          1
b - Scorch                Fire           32%        2d7       5%          2

Your spell library contained the following spells:

 Spells                   Type           Power      Damage    Failure   Level
 Conjure Flame            Conj/Fire      12%        6-21      16%         3
 Inner Flame              Hex/Fire       9%         N/A       22%         3
 Flame Wave               Conj/Fire      12%        2d6       45%         4


Dungeon Overview and Level Annotations

Branches:
Dungeon (4/15)
 Temple: D:4-7

Altars:
Gozag
Xom

Shops:
D:2 ?


Innate Abilities, Weirdness & Mutations

You are immune to sickness and miasma.
Your stone body is resilient. (AC +3)
You are immune to poison.
You resist negative energy. (rN+)
You are resistant to electric shocks. (rElec)
You are resistant to unholy torment.
You are immune to petrification.


Message History

Something hits you but does no damage. Something hits you but does no damage.
Something hits you. The adder bites you but does no damage.
The adder attacks as you move away! The adder barely misses you.
The adder attacks as you move away! The adder bites you.
* * * LOW HITPOINT WARNING * * *
The adder completely misses you. The adder bites you.
* * * LOW HITPOINT WARNING * * *
Magic courses through your body. The adder barely misses you.
Casting: Foxfire (safe; 5% risk of failure)
Confirm with . or Enter, or press ? or * to list all spells.
Flames lash something.
The adder misses you. The adder barely misses you.
Casting: Scorch (safe; 5% risk of failure)
Confirm with . or Enter, or press ? or * to list all spells.
Flames lash the adder.
The adder is almost dead.
The adder's fire resistance burns away.
The adder bites you.
* * * LOW HITPOINT WARNING * * *
Casting: Scorch (safe; 5% risk of failure)
Confirm with . or Enter, or press ? or * to list all spells.
Flames lash the gnoll.
The gnoll is severely wounded.
The gnoll's fire resistance burns away.
The adder closely misses you.
Casting: Scorch (safe; 5% risk of failure)
Confirm with . or Enter, or press ? or * to list all spells.
Flames lash the adder.
The adder is burned terribly!
You kill the adder!
Unknown command.
Something hits you.
* * * LOW HITPOINT WARNING * * *
Found 14 gold pieces.
Something hits you.
* * * LOW HITPOINT WARNING * * *
You hear some strange, mumbled words.
You are confused.
You bump into the rock wall.
A magic dart appears from out of thin air!
The magic dart hits you.
You die...

#. . .#. ... #.#
####### #.# .......
##.################
#..{.g.o..........†
#..#####.#####.....
#.@# #.# #.#.##
#..# #.# #.#.##
#..# #.# #...!.
#..# #.# #.....
#..# #.# #.###.
#.$# #.# ..# #.
#... #.. .. ..#.


There were no monsters in sight!

Vanquished Creatures
  4 adders
  An ufetubus (D:4)
  3 dart slugs
  3 orcs
  5 ball pythons
  A bat (D:2)
  2 endoplasms
  3 giant cockroaches
  4 goblins
  2 hobgoblins (D:1)
  3 jackals (D:1)
  2 quokkas (D:1)
  2 frilled lizards (D:1)
  5 kobolds
  3 rats
43 creatures vanquished.

Vanquished Creatures (others)
  132 foxfires
132 creatures vanquished.

Grand Total: 175 creatures vanquished

Notes
Turn   | Place    | Note
-------+----------+-------------------------------------------
     0 | D:1      | funkygono the Gargoyle Fire Elementalist began the quest
                  | for the Orb.
     0 | D:1      | Reached XP level 1. HP: 10/10 MP: 3/3
   143 | D:1      | Reached XP level 2. HP: 15/15 MP: 1/5
   213 | D:1      | Learned a level 2 spell: Scorch
   240 | D:1      | Found a faded altar of an unknown god.
   986 | D:1      | Reached XP level 3. HP: 19/19 MP: 3/6
  1515 | D:2      | Found Baist's Magic Scroll Shop.
  1601 | D:2      | Reached XP level 4. HP: 19/24 MP: 0/8
  2020 | D:2      | You fall into a shaft and drop 2 floors!
  2141 | D:4      | Found a shimmering altar of Xom.
  2143 | D:4      | Found an opulent altar of Gozag.
  2326 | D:3      | Killed from afar by an orc wizard

Illustrated notes

Levels and vault maps discovered:
D:1:      amcnicky_arrival_blooded_trapdoor, layout_basic,
          ebering_ecumenical_altar_webs, fountainhead
D:2:      layout_basic, serial_shops, nicolae_shop_statue_plus,
          serial_corexii_hall, corexii_hall_statues_deadend,
          chequers_hall_statues_y, corexii_hall_statues_deadend
D:3:      layout_loops_ring, lightli_corner_chamber
D:4:      layout_cave_pools, nicolae_hepliaklqana_hippocampus, minitemple,
          minmay_tree_intersection

Skill      XL: |  1  2  3  4 |
---------------+-------------+-----
Spellcasting   | 3 |  3.1
Dodging        | |  1.7
Stealth        | |  2.5
Conjurations   | |  1.9
Fire Magic     | |  3.9

Action                   |  1- 3 |  4- 6 || total
-------------------------+-------+-------++-------
Melee: Whip              |    18 |     9 ||    27
 Cast: Foxfire           |    54 |    28 ||    82
       Scorch            |     4 |     7 ||    11
  Use: Potion            |       |     1 ||     1
Armor: Robe              |     9 |     6 ||    15
Dodge: Dodged            |    18 |    24 ||    42

Table legend: (Time is in decaauts)
 A = Elapsed time spent in this place.
 B = Non-inter-level travel time spent in this place.
 C = Inter-level travel time spent in this place.
 D = Time resting spent in this place.
 E = Time spent auto-exploring this place.
 F = Levels seen in this place.
 G = Mean time per level.
                   A        B        C        D        E       F      G
               +--------+--------+--------+--------+--------+-----+--------+
         Total |   2328 |   2277 |     51 |     20 |   1882 |   4 |  582.0 |
       Dungeon |   2328 |   2277 |     51 |     20 |   1882 |   4 |  582.0 |
               +--------+--------+--------+--------+--------+-----+--------+

Top non-repeatable levels by time:
     D:1: 1286 daAuts
     D:2: 734 daAuts
     D:4: 199 daAuts
     D:3: 107 daAuts
